 Dungeon Crawl Stone Soup version 0.24-a0-447-ge8da9206dc (webtiles) character file.

Game seed: 10734549728737319349

10925 KristoblXynda the Covert (level 11, -1/84 HPs)
             Began as a Spriggan Berserker on June 25, 2019.
             Was a High Priest of Trog.
             Slain by a manticore (5 damage)
             ... on level 12 of the Dungeon.
             The game lasted 00:26:16 (13605 turns).

KristoblXynda the Covert (Spriggan Berserker)      Turns: 13605, Time: 00:26:17

Health: -1/84      AC:  4    Str: 20    XL:     11   Next: 42%
Magic:  0/19       EV: 27    Int: 10    God:    Trog [*****.]
Gold:   1432       SH:  0    Dex: 19    Spells: 10/10 levels left

rFire    . . .     SeeInvis +   l - +7 rapier (drain)
rCold    . . .     Gourm    .   (shield restricted)
rNeg     . . .     Faith    .   b - +0 animal skin
rPois    .         Spirit   +   w - +2 hat
rElec    .         Reflect  .   z - scarf {Spirit}
rCorr    .         Harm     .   (gloves unavailable)
MR       +++..     Clarity  +   (boots unavailable) Stlth ..........Rnd*Tele +
                                (no amulet)
HPRegen  1.24/turn              (no ring)
MPRegen  0.16/turn              v - +3 ring of dexterity

@: berserking, regenerating, very quick
A: very small, unfitting armour, see invisible, clarity, herbivore, speed 3,
slow metabolism 2, teleportitis 1
a: Berserk, Trog's Hand, Brothers in Arms, Renounce Religion


You were on level 12 of the Dungeon.
You worshipped Trog.
Trog was extremely pleased with you.
You were near starving.

You visited 3 branches of the dungeon, and saw 14 of its levels.
You also visited: Bailey.

You collected 1432 gold pieces.

Inventory:

Hand Weapons
 d - a +0 hunting sling
 l - a +7 rapier of draining (weapon)
 A - a +6 quick blade
Missiles
 s - 3 throwing nets (quivered)
 u - 48 sling bullets
Armour
 b - a +0 animal skin (worn)
 w - a +2 hat (worn)
 z - a scarf of spirit shield (worn)
Jewellery
 t - an uncursed ring of wizardry
 v - a +3 ring of dexterity (right hand)
 y - an uncursed amulet of rage
Wands
 o - a wand of iceblast (14)
 B - a wand of digging (3)
Scrolls
 e - 4 scrolls of remove curse
 h - 2 scrolls of magic mapping
 k - 3 scrolls of teleportation
 n - 2 scrolls of fog
 p - a scroll of enchant armour
 x - 3 scrolls of identify
Potions
 f - 3 potions of berserk rage
 g - 3 potions of curing
 i - a potion of brilliance
 m - a potion of lignification
 q - 3 potions of haste
 r - 2 potions of invisibility
Miscellaneous
 a - a phantom mirror
 j - a box of beasts
Comestibles
 c - 18 rations


   Skills:
 + Level 6.0 Fighting
 + Level 10.1 Short Blades
 + Level 7.4(7.7) Slings
 - Level 2.4(4.6) Throwing
 + Level 3.7 Armour
 - Level 10.0 Dodging
 - Level 10.8 Stealth
 + Level 9.3 Evocations


You had 10 spell levels left.
You didn't know any spells.
Your spell library contained the following spells:

 Spells                   Type           Power        Failure   Level  Hunger
 Animate Skeleton         Necr           N/A          36%         1    ##.....
 Apportation              Tloc           #.....       36%         1    ##.....
 Confusing Touch          Hex            #.....       36%         1    ##.....
 Magic Dart               Conj           #...         36%         1    ##.....
 Sting                    Conj/Pois      #...         36%         1    ##.....
 Summon Small Mammal      Summ           #...         36%         1    ##.....
 Blink                    Tloc           N/A          50%         2    ###....
 Call Imp                 Summ           #.......     50%         2    ###....
 Poisonous Vapours        Pois/Air       #.....       50%         2    ###....
 Searing Ray              Conj           #.....       50%         2    ###....
 Slow                     Hex            #.......     50%         2    ###....
 Conjure Flame            Conj/Fire      #.......     75%         3    ####...
 Dazzling Spray           Conj/Hex       #.....       75%         3    ####...
 Mephitic Cloud           Conj/Pois/Air  #.......     75%         3    ####...
 Force Lance              Conj/Tloc      #.......     98%         4    #####..
 Fulminant Prism          Conj/Hex       #.........   98%         4    #####..
 Iskenderun's Mystic Bla  Conj           #.......     98%         4    #####..
 Olgreb's Toxic Radiance  Pois           #.......     98%         4    #####..
 Bolt of Magma            Conj/Fire/Erth #.........   100%        5    ######.
 Iskenderun's Battlesphe  Conj/Chrm      #.......     100%        5    ######.
 Venom Bolt               Conj/Pois      #.........   100%        5    ######.
 Iron Shot                Conj/Erth      #.........   100%        6    #######
 Orb of Destruction       Conj           #.........   100%        7    #######
 Spellforged Servitor     Conj/Summ      #.........   100%        7    #######


Dungeon Overview and Level Annotations

Branches:
Dungeon (12/15)            Temple (1/1) D:4            Lair (1/6) D:11
    Orc (0/2) D:10

Altars:
Ashenzari
Cheibriados
Dithmenos
Elyvilon
Fedhas
Gozag
Hepliaklqana
Kikubaaqudgha
Makhleb
Nemelex Xobeh
Okawaru
Qazlal
Ru
Sif Muna
Trog
Uskayaw
Vehumet
Wu Jian
Xom
Yredelemnul
The Shining One

Shops:
D:4 %

Annotations:
D:10 2 transporters


Innate Abilities, Weirdness & Mutations

You are very small and have problems with some larger weapons.
You are too small for most types of armour.
You have supernaturally acute eyesight. (SInv)
You are a herbivore.
You cover ground extremely quickly.
You need to consume almost no food.
You possess an exceptional clarity of mind.
You are occasionally teleported next to monsters.


Message History

The manticore completely misses you.
You hit the manticore. You drain the manticore.
The manticore is severely wounded.
Unknown command.
You feel better. The manticore closely misses you.
The manticore barely misses you. The manticore claws you.
* * * LOW HITPOINT WARNING * * *
The jelly jiggles.
Your skin crawls.
You feel resistant to hostile enchantments.
You feel somewhat more hungry. The manticore completely misses you.
The manticore misses you. The manticore claws you.
* * * LOW HITPOINT WARNING * * *
A red film seems to cover your vision as you go berserk!
You feel yourself moving faster!
You feel mighty!
You are near starving!
The manticore bites you!
* * * LOW HITPOINT WARNING * * *
The manticore claws you.
You die...

#........#
#........#
#........#
#........#
#........#
#####....(...#
...........JH#
....?......@.#
#........#
#..#####......
#..# ..####
#..# ..# #..#
..# #..# ###
#..# #..#


You could see a manticore and a jelly.

Vanquished Creatures
  Harold (D:8)
  The ghost of Avack the Severer, a journeyman FoFi of Gozag (D:9)
  A two-headed ogre (D:10)
  An orc knight (Bailey)
  An ugly thing (D:11)
  2 gargoyles
  A centaur skeleton (D:11)
  A queen bee (D:9)
  3 hippogriffs
  A shadow (D:11)
  A wyvern (D:8)
  Eustachio (D:4)
  Duvessa (D:4)
  3 ice beasts
  2 black bears
  7 orc warriors
  A sky beast (D:11)
  A phantom (D:9)
  An eye of draining (D:10)
  2 necrophages
  7 ogres
  3 centaurs
  A crocodile (D:11)
  3 bullfrogs
  Dowan (D:4)
  A wyvern zombie (D:10)
  4 scorpions
  A water moccasin skeleton (D:6)
  25 killer bees (D:9)
  5 wights (D:10)
  6 crimson imps
  A bullfrog zombie (D:7)
  4 hounds
  4 orc priests
  A centaur zombie (D:9)
  2 jellies
  Ijyb (D:4)
  4 iguanas
  6 worker ants
  9 orc wizards
  2 hound skeletons
  4 howler monkey zombies
  Robin (D:4)
  A gnoll (Bailey)
  14 adders
  5 shadow imps
  2 oozes
  An adder skeleton (D:7)
  2 dart slugs (D:2)
  3 worms
  5 leopard geckos
  71 orcs
  3 ball pythons
  7 bats
  3 giant cockroaches
  26 goblins
  11 hobgoblins
  20 jackals
  8 quokkas
  6 frilled lizards
  A jackal skeleton (D:4)
  17 kobolds
  A leopard gecko skeleton (D:5)
  5 rats
341 creatures vanquished.

Vanquished Creatures (collateral kills)
  An orc warrior (Bailey)
1 creature vanquished.

Vanquished Creatures (others)
  An orc (D:3)
1 creature vanquished.

Grand Total: 343 creatures vanquished

Notes
Turn   | Place    | Note
-------+----------+-------------------------------------------
     0 | D:1      | KristoblXynda the Spriggan Berserker began the quest for
                  | the Orb.
     0 | D:1      | Reached XP level 1. HP: 11/11 MP: 2/2
   275 | D:1      | Reached skill level 1 in Stealth
   299 | D:1      | Reached XP level 2. HP: 15/16 MP: 3/3
   811 | D:2      | Found a shimmering altar of Xom.
   811 | D:2      | Found a burning altar of Makhleb.
   941 | D:2      | Reached XP level 3. HP: 19/19 MP: 4/4
   974 | D:2      | Reached skill level 5 in Dodging
  1502 | D:2      | Reached ** piety under Trog
  1617 | D:2      | Reached XP level 4. HP: 21/24 MP: 5/5
  1722 | D:2      | Found a hide-covered altar of Uskayaw.
  2592 | D:3      | HP: 1/24 [hobgoblin (2)]
  3053 | D:3      | Found a white marble altar of Elyvilon.
  3183 | D:3      | Reached XP level 5. HP: 28/28 MP: 6/6
  3520 | D:3      | Reached skill level 1 in Evocations
  3671 | D:3      | Found a basalt altar of Yredelemnul.
  3887 | D:4      | Noticed Ijyb
  3954 | D:4      | Killed Ijyb
  4175 | D:4      | Noticed Eustachio
  4193 | D:4      | HP: 1/42 [Eustachio/+6 rapier of draining (2)]
  4491 | D:4      | Found Ena Tesk's Food Emporium.
  4491 | D:4      | Noticed Dowan
  4566 | D:4      | Killed Eustachio
  4566 | D:4      | Reached skill level 5 in Stealth
  4566 | D:4      | Reached XP level 6. HP: 16/32 MP: 7/9
  4834 | D:4      | Found a staircase to the Ecumenical Temple.
  4839 | D:4      | Reached skill level 5 in Short Blades
  4843 | Temple   | Entered the Ecumenical Temple
  5050 | D:4      | Noticed Duvessa
  5070 | D:4      | Killed Duvessa
  5070 | D:4      | Reached *** piety under Trog
  5070 | D:4      | Reached XP level 7. HP: 30/36 MP: 10/10
  5072 | D:4      | Killed Dowan
  5208 | D:4      | Noticed Robin
  5225 | D:4      | Killed Robin
  5463 | D:4      | Found a shattered altar of Ashenzari.
  5468 | D:4      | Found a deep blue altar of Sif Muna.
  5480 | D:4      | Found an ornate altar of the Wu Jian Council.
  5559 | D:5      | Entered Level 5 of the Dungeon
  5623 | D:5      | Reached **** piety under Trog
  5977 | D:5      | Reached XP level 8. HP: 40/40 MP: 12/12
  5998 | D:5      | Got a smoking quarterstaff
  5999 | D:5      | Identified the +7 quarterstaff of the Ship {crush, Stlth+}
                  | (You found it on level 5 of the Dungeon)
  6015 | D:5      | Reached skill level 5 in Evocations
  6643 | D:6      | Found a bloodstained altar of Trog.
  7835 | D:7      | Reached ***** piety under Trog
  7851 | D:7      | Noticed a gargoyle
  7860 | D:7      | Killed a gargoyle
  7860 | D:7      | Reached XP level 9. HP: 44/44 MP: 13/15
  7895 | D:7      | Found a flagged portal.
  7933 | Bailey   | Entered a bailey
  8049 | Bailey   | Gained mutation: You are occasionally teleported next to
                  | monsters. [potion of mutation]
  8049 | Bailey   | Gained mutation: Your spells are a little harder to cast,
                  | but a little more powerful. [potion of mutation]
  8049 | Bailey   | Lost mutation: Your spells are a little harder to cast, but
                  | a little more powerful. [potion of mutation]
  8049 | Bailey   | Gained mutation: You possess an exceptional clarity of
                  | mind. [potion of mutation]
  8125 | Bailey   | Noticed an orc knight
  8151 | Bailey   | Killed an orc knight
  8151 | Bailey   | Reached skill level 1 in Slings
  8151 | Bailey   | Reached skill level 10 in Dodging
  8299 | Bailey   | Found a burning altar of Makhleb.
  8514 | D:7      | Reached skill level 10 in Stealth
  8723 | D:7      | Identified a scroll of acquirement
  9511 | D:8      | Reached XP level 10. HP: 50/50 MP: 16/16
  9833 | D:8      | Reached skill level 1 in Throwing
  9859 | D:8      | Found a stormy altar of Qazlal.
  9899 | D:8      | Noticed Harold
  9918 | D:8      | Killed Harold
  9918 | D:8      | Reached skill level 1 in Armour
 10056 | D:8      | Found an ancient bone altar of Kikubaaqudgha.
 10056 | D:8      | Found a shadowy altar of Dithmenos.
 10120 | D:8      | Reached skill level 5 in Slings
 10407 | D:9      | Received a gift from Trog
 10652 | D:9      | Found a radiant altar of Vehumet.
 10775 | D:9      | Found a runed translucent door.
 10780 | D:9      | Noticed Avack's ghost (journeyman FoFi)
 10941 | D:9      | Killed Avack's ghost
 10941 | D:9      | Reached skill level 5 in Fighting
 11512 | D:10     | Entered Level 10 of the Dungeon
 11582 | D:10     | Found a transporter.
 11616 | D:10     | Reached XP level 11. HP: 56/56 MP: 18/18
 11683 | D:10     | Found a transporter.
 11683 | D:10     | Noticed a sphinx
 11685 | D:10     | Noticed a centaur warrior
 11687 | D:10     | Identified the +8 demon whip "Egoole" {flame, *Slow +Rage
                  | +Inv SInv}
 11687 | D:10     | Noticed an orc warlord
 11944 | D:10     | Noticed a two-headed ogre
 11967 | D:10     | Killed a two-headed ogre
 12167 | D:10     | Found a shimmering altar of Xom.
 12174 | D:10     | Identified the +2 plate armour of Calculation {Int+4}
 12332 | D:10     | Found a staircase to the Orcish Mines.
 12734 | D:11     | Found a staircase to the Lair.
 12735 | D:11     | Noticed a red ugly thing
 12742 | D:11     | Killed a red ugly thing
 12742 | D:11     | Reached skill level 10 in Short Blades
 13563 | Lair:1   | Entered Level 1 of the Lair of Beasts
 13605 | D:12     | HP: 4/84 [manticore (9)]
 13605 | D:12     | Slain by a manticore

Levels and vault maps discovered:
D:1:      minmay_arrival_stair_chambers, layout_rooms, kennysheep_nondescript,
          minmay_misc_feat_nine_boxes, minmay_misc_feat_columns,
          minmay_misc_feat_encased
D:2:      layout_loops_corners, chequers_temple_overflow_statue_of_worship,
          old_standard_altar, chequers_serial_rivers_micro_c,
          guppyfry_early_orc_mine
D:3:      layout_rooms, kennysheep_ying_yang, minmay_misc_feat_ornament,
          chequers_serial_rivers_micro_a, chequers_serial_rivers_micro_e
D:4:      kennysheep_goblin_castle, layout_cave_pools,
          minmay_overflow_temple_star_quad, minmay_temple_entry_statues_pillars,
          serial_shops, shop, serial_glass, glass_columns_b, glass_columns_a,
          glass_columns_a, glass_columns_b, glass_columns_a, glass_columns_a,
          minmay_misc_feat_four_crosses, uniq_duvessa, uniq_ijyb, uniq_eustachio
D:5:      layout_basic, first_ration
D:6:      layout_basic, bloody_trog, glass_columns_a
D:7:      layout_rooms, enter_bailey_6
D:8:      layout_layer_cave, nicolae_overflow_hidden_temple, special_room
          [special_room_orc], uniq_harold
D:9:      layout_layer_cave, gammafunk_ghost_grave, special_room
          [special_room_bee], basic_altar
D:10:     gammafunk_sealed_arena, layout_basic, orc_0_dummy, basic_altar
D:11:     layout_basic, lair_entry_dummy
D:12:     minmay_box_of_statues, layout_long_grid, special_room
          [special_room_orc], enter_trove_3
Temple:   jpeg_temple_island
Lair:1:   statuecave_lemuel, layout_hall_layers, basic_altar

Skill      XL: |  1  2  3  4  5  6  7  8  9 10 11 |
---------------+----------------------------------+-----
Stealth        | 1 2 3 5 7 9 10 | 10.8
Dodging        | 5 6 8 9 10 | 10.0
Fighting       | 3 4 5 6 |  6.0
Short Blades   | 4 5 6 7 8 9 10 | 10.1
Evocations     | 2 3 4 6 7 8 9 |  9.3
Slings         | 4 6 7 |  7.4
Throwing       | 2 |  2.4
Armour         | 2 3 |  3.7

Action                   |  1- 3 |  4- 6 |  7- 9 | 10-12 || total
-------------------------+-------+-------+-------+-------++-------
Melee: Short sword       |   125 |   193 |       |       ||   318
       Rapier            |       |    14 |   289 |   267 ||   570
       Quick blade       |       |       |       |   250 ||   250
Throw: Boomerang         |       |       |    18 |       ||    18
Invok: Berserk           |       |     3 |     2 |     2 ||     7
       Brothers in Arms  |       |       |     1 |       ||     1
       Trog's Hand       |       |       |       |     3 ||     3
Evoke: Wand              |       |     5 |     5 |       ||    10
  Use: Scroll            |       |    13 |     8 |     2 ||    23
       Potion            |       |     1 |     4 |     3 ||     8
 Stab: Sleeping          |     8 |     6 |    14 |    20 ||    48
       Distracted        |       |     1 |     3 |       ||     4
  Eat: Ration            |       |     3 |     3 |     3 ||     9
Armor: Animal skin       |     5 |    15 |    15 |    14 ||    49
       Skin              |       |    60 |       |    30 ||    90
Dodge: Dodged            |    90 |   175 |   277 |   338 ||   880

Table legend:
 A = Non-vault XP
 B = Vault XP
 C = Vault XP percentage of total XP
 D = Non-vault monster count
 E = Vault monster count
 F = Vault count percentage of total count
                 A         B        C        D         E       F
            +---------+---------+-------+---------+---------+-------
      Total |   10202 |    5406 |  34.6 |     240 |     102 |  29.8
            +---------+---------+-------+---------+---------+-------
        D:1 |      32 |       0 |   0.0 |      18 |       0 |   0.0
        D:2 |      99 |      17 |  14.7 |      25 |       7 |  21.9
        D:3 |     103 |       0 |   0.0 |      24 |       0 |   0.0
        D:4 |     164 |     518 |  76.0 |       9 |      25 |  73.5
        D:5 |     808 |       0 |   0.0 |      34 |       0 |   0.0
        D:6 |     831 |       0 |   0.0 |      17 |       0 |   0.0
        D:7 |     598 |       0 |   0.0 |       8 |       0 |   0.0
        D:8 |    1913 |    1220 |  38.9 |      40 |      27 |  40.3
        D:9 |     739 |    2812 |  79.2 |      10 |      27 |  73.0
       D:10 |    2256 |       0 |   0.0 |      25 |       0 |   0.0
       D:11 |    2659 |       0 |   0.0 |      30 |       0 |   0.0
     Bailey |       0 |     839 | 100.0 |       0 |      16 | 100.0
            +---------+---------+-------+---------+---------+-------
